AoeStats
← ogipochi_

Black Forest

506641671Analyzed
4v4 RM · 19d ago on Sep 14, 2026· 28m 4s· 8 players
Game mode
Random Map
Map size
Large (8 player)
Population
200
Speed
Normal
Resources
Standard
Victory
Conquest
Starting age
Dark Age
Ending age
Imperial Age
RankedLock teamsTeams togetherTeam positionsShared explorationLock speedFull tech treeHidden civsTurbo modeCheats
Victory
Defeat
🇨🇳 Teutons · China
810
+11
🇯🇵 Khitans · Japan
732
+14
🇻🇳 Koreans · Vietnam
659
+17
🇨🇳 Hindustanis · China
656
+17
🇺🇸 Lithuanians · United States
779
-18
🇬🇧 Dravidians · United Kingdom
724
-16
🇫🇷 Britons · France
664
-14
🇩🇰 Franks · Denmark
591
-11
TheBunjiMunji
4:46 Loom
12:29 Feudal Age
17:23 Castle Age
15:41 Horse Collar
15:57 Double-Bit Axe
18:57 Wheelbarrow
20:27 Bow Saw
23:45 Heavy Plow
schmilkers
10:48 Feudal Age
17:45 Castle Age
20:25 Double-Bit Axe
20:23 Horse Collar
21:22 Pikeman
24:06 Heavy Plow
25:20 Gold Mining
25:22 Stone Mining
25:45 Bow Saw
26:04 Loom
26:56 Wheelbarrow
26:09 Town Watch
benjiwoo
6:57 Loom
9:28 Feudal Age
10:03 Double-Bit Axe
18:27 Wheelbarrow
20:27 Castle Age
19:05 Scale Mail Armor
18:50 Horse Collar
19:22 Gold Mining
22:29 Hand Cart
23:00 Bow Saw
23:53 Crossbowman
24:38 Padded Archer Armor
24:28 Fletching
BlacKHazE.
ogipochi_
0:49 Loom
13:15 Feudal Age
13:36 Man-at-Arms
16:33 Wheelbarrow
15:43 Town Watch
16:47 Forging
16:38 Scale Mail Armor
18:23 Arson
18:57 Scale Mail Armor
19:06 Domestication
24:04 Castle Age
25:02 Chain Mail Armor
25:58 Iron Casting
24:46 Long Swordsman
25:11 Gambesons
26:22 Squires
0
0:50 Loom
14:44 Feudal Age
16:56 Horse Collar
17:04 Double-Bit Axe
17:11 Gold Mining
17:11 Stone Mining
21:04 Castle Age
22:27 Heavy Plow
22:59 Bow Saw
28:15 Wheelbarrow
Tie
11:27 Feudal Age
13:03 Double-Bit Axe
21:30 Castle Age
19:18 Horse Collar
19:33 Gold Mining
23:03 Wheelbarrow
22:53 Bow Saw
25:42 Wheelbarrow
25:37 Heavy Plow
26:05 Stone Mining
28:55 Stone Shaft Mining
2394984800
11:49 Feudal Age
16:03 Castle Age
13:54 Double-Bit Axe
16:35 Horse Collar
17:18 Bow Saw
23:59 Wheelbarrow
23:46 Gold Mining
23:48 Stone Mining
27:02 Gold Shaft Mining
27:07 Hand Cart
30:49 Imperial Age
29:10 Stone Shaft Mining
Connection lost

Rejoining the realm…

Still unreachable

The connection could not be restored.

Session expired

The server has moved on; the page needs a fresh start.